 Dungeon Crawl Stone Soup version 0.28.0-45-g0d030f2227 (webtiles) character file.

Game seed: 16586621261227478482

39 NinjaNoafa the Skirmisher (level 3, -2/31 HPs)
             Began as a Draconian Berserker on Apr 7, 2022.
             Was a Follower of Trog.
             Slain by Terence
             ... wielding a +0 flail
              (7 damage)
             ... on level 2 of the Dungeon.
             The game lasted 00:02:32 (1761 turns).

NinjaNoafa the Skirmisher (Draconian Berserker)     Turns: 1761, Time: 00:02:32

Health: -2/31      AC:  5    Str: 21    XL:     3   Next: 26%
Magic:  3/3        EV: 12    Int:  7    God:    Trog [*.....]
Gold:   81         SH:  0    Dex: 10    Spells: 2/2 levels left

rFire   . . .      SeeInvis .   a - +0 falchion
rCold   . . .      Faith    .   (no shield)
rNeg    . . .      Spirit   .   (armour unavailable)
rPois   .          Reflect  .   (helmet restricted)
rElec   .          Harm     .   (no cloak)
rCorr   .          Rampage  .   (no gloves)
Will    .....                   (no boots)
Stlth   ++........              (no amulet)
HPRegen 0.10/turn               (no ring)
MPRegen 0.08/turn               (no ring)

@: no status effects
A: AC +5, unfitting armour, cold-blooded
a: Renounce Religion, Berserk


You were on level 2 of the Dungeon.
You worshipped Trog.
Trog was aware of your devotion.
You visited 1 branch of the dungeon, and saw 2 of its levels.

You collected 81 gold pieces.

Inventory:

Hand Weapons
 a - a +0 falchion (weapon)
 g - a +0 rapier
Missiles
 f - 8 poisoned darts (quivered)
Scrolls
 b - a scroll of acquirement {unknown}
 c - a scroll of identify {unknown}
 h - a scroll of noise {unknown}
Potions
 d - a potion of heal wounds


   Skills:
 + Level 3.6 Fighting
 + Level 3.3 Long Blades
 + Level 3.0 Dodging
 * Level 1.7 Stealth


You had 2 spell levels left.
You didn't know any spells.
Your spell library was empty.

Dungeon Overview and Level Annotations

Branches:
Dungeon (2/15)

Altars:

Annotations:
D:2 Terence


Innate Abilities, Weirdness & Mutations

Your plain brown scales are hard. (AC +5)
You cannot fit into any form of body armour.
You are cold-blooded and may be slowed by cold attacks.


Message History

Found a chain mail.
A kobold comes into view. It is wielding a +0 short sword.
Found a ring mail.
Terence the Incautious comes into view.
He is wielding a +0 flail.
Terence shouts!
Terence shouts, "Now you die!"
A hobgoblin comes into view.
The kobold shouts!
The hobgoblin shouts!
You closely miss the kobold.
The kobold hits you with a +0 short sword.
You hit the kobold.
You kill the kobold!
Trog accepts your kill. Terence hits you with a +0 flail!
You barely miss Terence. You tail-slap Terence.
Terence is lightly wounded.
Terence closely misses you.
You hit Terence but do no damage.
Terence is lightly wounded.
Terence misses you.
You hit the hobgoblin but do no damage. The hobgoblin hits you.
Terence closely misses you. The hobgoblin closely misses you.
It was a potion of heal wounds.
You feel much better. Terence barely misses you. The hobgoblin hits you.
You hit Terence.
Your tail-slap misses Terence.
Terence is moderately wounded.
Terence completely misses you. The hobgoblin hits you.
You hit Terence but do no damage. You tail-slap Terence.
Terence is moderately wounded.
Terence hits you with a +0 flail! The hobgoblin closely misses you.
You closely miss Terence.
Terence is moderately wounded.
Terence hits you with a +0 flail!
* * * LOW HITPOINT WARNING * * *
The hobgoblin closely misses you. Terence misses you.
It was a potion of magic.
Magic courses through your body. The hobgoblin hits you.
* * * LOW HITPOINT WARNING * * *
Terence hits you with a +0 flail!
You die...

.......[....#
.##########.# .#######
#.# ### .....[.# #.# ..
.#####.####.#####.# .#
#............## .#
#.##..........# .#
#.##.#.####@..###.# .#
###.##.#.....@g.....#
.###[.....#.####.)......
.##.....###.# #.[......
............# ##.#####.
....†...###.# ..
##.....## #.# ###
###....# #.# #
##.....##. # #.###.#


You could see Terence and a hobgoblin.

Vanquished Creatures
  2 dart slugs (D:1)
  3 ball pythons (D:1)
  5 endoplasms
  A goblin (D:2)
  4 hobgoblins
  2 quokkas (D:1)
  5 bats
  2 frilled lizards (D:1)
  4 kobolds
  3 rats (D:1)
31 creatures vanquished.

Vanquished Creatures (others)
  A fungus (D:1)
1 creature vanquished.

Grand Total: 32 creatures vanquished

Notes
Turn   | Place    | Note
-------+----------+-------------------------------------------
     0 | D:1      | NinjaNoafa the Draconian Berserker began the quest for the
                  | Orb.
     0 | D:1      | Reached XP level 1. HP: 19/19 MP: 1/1
   446 | D:1      | Reached XP level 2. HP: 17/26 MP: 2/2
   655 | D:1      | Reached skill level 1 in Stealth
   875 | D:1      | Found a faded altar of an unknown god.
  1529 | D:2      | Reached XP level 3. HP: 31/31 MP: 3/3
  1749 | D:2      | Noticed Terence
  1761 | D:2      | Slain by Terence

Illustrated notes

Levels and vault maps discovered:
D:1:      nagdon_arrival_double_spiral, layout_basic,
          shapermc_ecumenical_altar_ellora, columned_hall_lemuel, minmay_unequal
D:2:      layout_loops_ring, uniq_terence, uniq_crazy_yiuf_cottage

Skill      XL: |  1  2  3 |
---------------+----------+-----
Stealth        | 1 |  1.7
Dodging        | 3 |  3.0
Fighting       | |  3.6
Long Blades    | |  3.3

Action                   || total
-------------------------++-------
Melee: Falchion          ||    91
       Punch             ||     1
       Tailslap          ||     8
  Use: Potion            ||     2
 Stab: Sleeping          ||     6
Armor: Skin              ||    27
Dodge: Dodged            ||    60
